 Dungeon Crawl Stone Soup version 0.28-a0-1395-g4f6bc678fa (webtiles) character file.

Game seed: 16489553062017914903

10 Deminshera the Conjurer (level 2, 0/23 HPs)
             Began as a Demonspawn Wanderer on Jan 4, 2022.
             Slain by a jackal (1 damage)
             ... on level 1 of the Dungeon.
             The game lasted 00:01:37 (753 turns).

Deminshera the Conjurer (Demonspawn Wanderer)        Turns: 753, Time: 00:01:38

Health: 0/23       AC:  3    Str: 12    XL:     2   Next: 10%
Magic:  0/3        EV: 10    Int: 11    God:
Gold:   0          SH:  0    Dex: 14    Spells: 2/3 levels left

rFire   . . .      SeeInvis .   a - +0 dagger
rCold   . . .      Faith    .   (no shield)
rNeg    . . .      Spirit   .   c - +0 leather armour
rPois   .          Reflect  .   (no helmet)
rElec   .          Harm     .   (no cloak)
rCorr   .          Rampage  .   (no gloves)
Will    .....                   (no boots)
Stlth   ++........              (no amulet)
HPRegen 0.07/turn               (no ring)
MPRegen 0.08/turn               (no ring)

@: no status effects
A: weakness stinger 1
a: no special abilities


You were on level 1 of the Dungeon.
You visited 1 branch of the dungeon, and saw 1 of its levels.

Inventory:

Hand Weapons
 a - a +0 dagger (weapon)
Armour
 c - a +0 leather armour (worn)
Wands
 b - a wand of flame (4)
Scrolls
 d - a scroll of teleportation
 e - a scroll of brand weapon {unknown}
 f - a scroll of identify {unknown}


   Skills:
 + Level 2.4 Fighting
 + Level 1.6 Stealth
 - Level 1.0 Spellcasting
 - Level 4.0 Conjurations
 - Level 2.0 Evocations


You had 2 spell levels left.
You knew the following spells:

 Your Spells              Type           Power      Damage    Failure   Level
a - Magic Dart            Conj           36%        1d4       8%          1

Your spell library contained the following spells:

 Spells                   Type           Power      Damage    Failure   Level
 Searing Ray              Conj           18%        2d5       12%         2
 Iskenderun's Mystic Bla  Conj/Tloc      4%         2d3       87%         4


Dungeon Overview and Level Annotations

Branches:
Dungeon (1/15)

Altars:


Innate Abilities, Weirdness & Mutations

You have a small tail.


Message History

You barely miss the hobgoblin.
The hobgoblin is severely wounded.
The hobgoblin hits you but does no damage.
You hit the hobgoblin but do no damage.
The hobgoblin is severely wounded.
The hobgoblin barely misses you.
You barely miss the hobgoblin.
The hobgoblin is severely wounded.
The hobgoblin hits you.
You barely miss the hobgoblin.
The hobgoblin is severely wounded.
The hobgoblin hits you.
* * * LOW HITPOINT WARNING * * *
Aiming: Magic Dart (safe; 8% risk of failure)
Press: ? - help, Q - select action, (/) - cycle Shift-Dir - straight line, f/p - hobgoblin
Aim: a hobgoblin (severely wounded, 100% to hit)
The magic dart hits the hobgoblin.
The hobgoblin is almost dead.
The hobgoblin barely misses you.
You hit the hobgoblin but do no damage.
The hobgoblin is almost dead.
The hobgoblin hits you.
* * * LOW HITPOINT WARNING * * *
Unknown command.
The jackal misses you. The jackal bites you.
* * * LOW HITPOINT WARNING * * *
Aiming: Magic Dart (safe; 8% risk of failure)
Press: ? - help, Q - select action, (/) - cycle Shift-Dir - straight line, f/p - hobgoblin
Aim: a hobgoblin (almost dead, 100% to hit)
The magic dart hits the jackal.
The jackal is lightly wounded.
The jackal bites you but does no damage.
Aiming: Throw Flame
Press: ? - help, Shift-Dir - straight line, f/p - hobgoblin
Aim: a hobgoblin (almost dead, 71% to hit)
The puff of flame misses the jackal.
The puff of flame hits the hobgoblin!
You kill the hobgoblin!
The jackal bites you.
You die...

..## #..##...............#
#.>.##.##.....≈≈≈≈§......#
#......##....≈≈≈≈§§≈.....#
##......#<...≈≈)>$≈≈.....#
##..##.#....§≈≈≈≈≈≈....##
#...##.#.....≈≈≈§≈.....#
#..#....##..............#
#.###....############...#
..# #.........†h@...##..##
#####.......#.####...#...#
...........#..# #...###.#
#####........## #.#.....#
# #........### #.#######
#####..........# #)#
....##.....###.###.#
###...#....# #...#.##
#####...##.# ###....#####


You could see a jackal.

Vanquished Creatures
  A dart slug (D:1)
  2 endoplasms (D:1)
  2 hobgoblins (D:1)
  A jackal (D:1)
  A kobold (D:1)
  A frilled lizard (D:1)
8 creatures vanquished.

Notes
Turn   | Place    | Note
-------+----------+-------------------------------------------
     0 | D:1      | Deminshera the Demonspawn Wanderer began the quest for the
                  | Orb.
     0 | D:1      | Deminshera set off with the following items: a +0 dagger, a
                  | wand of flame (5), a +0 leather armour, a scroll of
                  | teleportation; and the following spell memorised: Magic
                  | Dart; and the following spells available to memorise:
                  | Searing Ray, Iskenderun's Mystic Blast
     0 | D:1      | Reached XP level 1. HP: 16/16 MP: 2/2
   725 | D:1      | Gained mutation: You have a small tail. [demonic ancestry]
   725 | D:1      | Reached XP level 2. HP: 12/23 MP: 0/3
   751 | D:1      | HP: 1/23 [jackal (2)]
   753 | D:1      | Slain by a jackal

Illustrated notes

Levels and vault maps discovered:
D:1:      lemuel_arrival_lava_pool, layout_rooms

Action                   || total
-------------------------++-------
Melee: Dagger            ||    50
 Cast: Magic Dart        ||    12
Evoke: Wand              ||     1
Armor: Leather armour    ||    11
Dodge: Dodged            ||    24

Table legend: (Time is in decaauts)
 A = Elapsed time spent in this place.
 B = Non-inter-level travel time spent in this place.
 C = Inter-level travel time spent in this place.
 D = Time resting spent in this place.
 E = Time spent auto-exploring this place.
 F = Levels seen in this place.
 G = Mean time per level.
                   A        B        C        D        E       F      G
               +--------+--------+--------+--------+--------+-----+--------+
         Total |    753 |    753 |      0 |    458 |    181 |   1 |  753.0 |
       Dungeon |    753 |    753 |      0 |    458 |    181 |   1 |  753.0 |
               +--------+--------+--------+--------+--------+-----+--------+

Top non-repeatable levels by time:
     D:1: 753 daAuts
